[Event "Team 45 45 League T44"]
[Site "Internet Chess Club"]
[Date "2010.02.12"]
[Round "2"]
[White "Zohan"]
[Black "VerticalMotion"]
[Result "0-1"]
[WhiteElo "1470"]
[BlackElo "1366"]
[Opening "French: classical, Steinitz variation"]
[ECO "C14"]
[Time "09:00:17"]
[TimeControl "2700+45"]

1. e4 e6 2. d4 d5 3. Nc3 Nf6 4. Bg5 Be7 5. e5 Nfd7 6. Bxe7 Qxe7 7. f4 O-O 8. Nf3
c5 9. dxc5 Nxc5 10. Bd3 f5 11. Qd2 Ne4 12. Bxe4 dxe4 13. Nd4 Nc6 14. O-O-O Bd7
15. Qe3 Nb4 16. Kb1 a6 17. a3 Nd5 18. Nb3 Nxe3 {White resigns} 0-1

[Event "Team 45 45 League T44"]
[Site "Internet Chess Club"]
[Date "2010.02.13"]
[Round "2"]
[White "taldeital"]
[Black "seldredg"]
[Result "1-0"]
[WhiteElo "1331"]
[BlackElo "1349"]
[Opening "Dutch"]
[ECO "A80"]
[Time "12:31:10"]
[TimeControl "2700+45"]

1. d4 f5 2. Nf3 Nf6 3. Bg5 e6 4. e3 Be7 5. Bd3 O-O 6. O-O d6 7. c3 Qe8 8. Nbd2
Qh5 9. e4 h6 10. Bxf6 Bxf6 11. Re1 e5 12. dxe5 dxe5 13. exf5 Bxf5 14. Bxf5 Qxf5
15. Qb3+ Kh8 16. Qxb7 Nd7 17. Qxc7 Rfe8 18. Ne4 Bd8 19. Qc6 Rb8 20. Rad1 Re7 21.
Ng3 Qe6 22. Qxe6 Rxe6 23. Rxd7 Bb6 24. Rxe5 Bxf2+ 25. Kxf2 Rxb2+ 26. Ke3 Ra6 27.
Rd2 Rb8 28. Re7 Rc6 29. Ne4 Kg8 30. Rdd7 Rg6 31. Ne5 Rxg2 32. Ng3 Kh8 33. Ng6+
{Black resigns} 1-0

[Event "Team 45 45 League T44"]
[Site "Internet Chess Club"]
[Date "2010.02.11"]
[Round "2"]
[White "KoalieAwe"]
[Black "siddhu"]
[Result "0-1"]
[WhiteElo "1444"]
[BlackElo "1746"]
[Opening "QGD Slav: Slav gambit"]
[ECO "D15"]
[Time "11:00:10"]
[TimeControl "2700+45"]

1. d4 d5 2. c4 c6 3. Nf3 Nf6 4. Nc3 dxc4 5. e4 b5 6. a4 b4 7. Na2 e6 8. Bxc4
Nxe4 9. Qb3 a5 10. O-O g6 11. Qc2 Nd6 12. Bb3 Bg7 13. Rd1 O-O 14. Bf4 Bb7 15.
Be5 Nf5 16. h3 Nd7 17. Bxg7 Kxg7 18. Qe2 Qb6 19. Rd2 Rad8 20. Rad1 Rfe8 21. Ne5
Nf6 22. Qc4 Ne4 23. Rd3 Ba6 24. Qc2 Bxd3 25. Rxd3 Nxd4 26. Qd1 Nxb3 27. Qxb3
Qxf2+ 28. Kh1 Qf1+ 29. Kh2 Qf4+ 30. Kh1 Qxe5 {White resigns} 0-1

[Event "Team 45 45 League T44"]
[Site "Internet Chess Club"]
[Date "2010.02.16"]
[Round "2"]
[White "Theodulf"]
[Black "AntMantis"]
[Result "0-1"]
[WhiteElo "1619"]
[BlackElo "1916"]
[Opening "Scandinavian (center counter) defense"]
[ECO "B01"]
[Time "20:31:24"]
[TimeControl "2700+45"]

1. e4 d5 2. exd5 Qxd5 3. d4 Nc6 4. Nf3 e5 5. Nc3 Bb4 6. Be2 exd4 7. O-O Bxc3 8.
bxc3 Nf6 9. cxd4 Bg4 10. c4 Qd7 11. Re1 O-O 12. d5 Na5 13. Bd2 Bxf3 14. Bxa5
Bxe2 15. Rxe2 b6 16. Bb4 Rfe8 17. a4 Rxe2 18. Qxe2 Re8 19. Qc2 a5 20. Bd2 Re2
21. Re1 Qg4 22. Kf1 Rxd2 23. Qxd2 Qxc4+ 24. Kg1 Qxa4 25. h3 Qd7 26. Qe3 h6 27.
Rd1 Qa4 28. Qd3 Qd7 29. d6 c6 30. Qe3 b5 31. Qb6 a4 32. Qc7 a3 33. Rd3 a2 34.
Ra3 Qe6 35. Ra8+ Kh7 36. Qe7 Qd5 37. Kh2 b4 38. d7 Nxd7 39. Qxb4 Qe5+ 40. g3
a1=Q 41. Rxa1 Qxa1 42. Qe4+ Kg8 43. Qe8+ Nf8 44. Qxc6 Qf6 45. Qc2 Qf3 46. h4 Ne6
47. Qc8+ Kh7 48. Qc2+ g6 49. Kg1 Nd4 {White resigns} 0-1

[Event "Team 45 45 League T44"]
[Site "Internet Chess Club"]
[Date "2010.02.14"]
[Round "2"]
[White "Karan99"]
[Black "allanchs"]
[Result "0-1"]
[WhiteElo "1600"]
[BlackElo "1525"]
[Opening "Four knights: Spanish variation"]
[ECO "C48"]
[Time "13:00:12"]
[TimeControl "2700+45"]

1. e4 e5 2. Nf3 Nc6 3. Nc3 Nf6 4. Bb5 d6 5. O-O Be7 6. d3 Bd7 7. Be3 O-O 8. Qe2
a6 9. Ba4 b5 10. Bb3 Na5 11. Rfd1 Nxb3 12. axb3 c5 13. Bg5 Ne8 14. Bxe7 Qxe7 15.
Nd5 Qd8 16. Ra2 Nf6 17. Rda1 Nxd5 18. exd5 Bc8 19. Nd2 Bb7 20. c4 b4 21. Qe3 f5
22. Nf3 h6 23. Nd2 Qf6 24. f4 exf4 25. Qxf4 Rfe8 26. Rf1 Re2 27. Rf2 Rae8 28.
Qg3 Qd4 29. Ra1 Rxd2 30. Kf1 Qxf2+ 31. Qxf2 Rxf2+ 32. Kxf2 Kf7 33. Rg1 f4 34.
Kf3 g5 35. h4 Re3+ 36. Kg4 Kg6 37. g3 Rxd3 38. Kh3 Bc8+ 39. Kh2 fxg3+ 40. Rxg3
Rxg3 41. Kxg3 gxh4+ 42. Kxh4 Bf5 43. Kg3 Bc2 {White resigns} 0-1

[Event "Team 45 45 League T44"]
[Site "Internet Chess Club"]
[Date "2010.02.15"]
[Round "2"]
[White "kingphisch"]
[Black "ZacAttack99"]
[Result "1-0"]
[WhiteElo "1509"]
[BlackElo "1471"]
[Opening "Caro-Kann: exchange, Rubinstein variation"]
[ECO "B13"]
[Time "13:00:19"]
[TimeControl "2700+45"]

1. e4 c6 2. d4 d5 3. exd5 cxd5 4. Bd3 Nc6 5. c3 Nf6 6. Bf4 Bg4 7. Qb3 Na5 8.
Qa4+ Bd7 9. Qc2 e6 10. Nf3 Be7 11. Nbd2 O-O 12. O-O a6 13. Rfe1 Rc8 14. Qd1 b5
15. Rc1 Nc4 16. Nxc4 dxc4 17. Bc2 Bc6 18. Ne5 Bd6 19. Qe2 {Black resigns} 1-0

[Event "Team 45 45 League T44"]
[Site "Internet Chess Club"]
[Date "2010.02.15"]
[Round "2"]
[White "Beancounter"]
[Black "MarkNY"]
[Result "1-0"]
[WhiteElo "1637"]
[BlackElo "1514"]
[Opening "English opening"]
[ECO "A16"]
[Time "15:01:22"]
[TimeControl "2700+45"]

1. c4 Nf6 2. Nc3 b6 3. d4 Bb7 4. d5 g6 5. e4 d6 6. Be2 Bg7 7. Be3 O-O 8. f4 c6
9. Nf3 cxd5 10. cxd5 Na6 11. O-O Nc5 12. Nd2 e6 13. dxe6 fxe6 14. Bxc5 dxc5 15.
Bc4 Qd4+ 16. Kh1 Nxe4 17. Bxe6+ Kh8 18. Ndxe4 Bxe4 19. Qxd4 Bxd4 20. Nxe4 Bxb2
21. Rad1 Rfe8 22. f5 gxf5 23. Bxf5 Bd4 24. Ng5 Re2 25. Bb1 h5 26. Nf3 Bc3 27.
Rd7 a5 28. Rh7+ Kg8 29. Rxh5 a4 30. Ng5 Rae8 31. Bh7+ Kg7 32. Rf7+ Kh8 33. Bd3+
Kg8 34. Bxe2 Rxe2 35. Rf1 Rxa2 36. Ne6 Ra1 37. Rxa1 Bxa1 38. Nxc5 bxc5 39. Rxc5
a3 40. Ra5 Bb2 41. Ra7 Kf8 42. g4 Kg8 43. h4 Kf8 44. g5 Kg8 45. h5 Kh8 46. h6
Kg8 47. g6 Kf8 48. Ra8+ Ke7 49. g7 {Black resigns} 1-0

[Event "Team 45 45 League T44"]
[Site "Internet Chess Club"]
[Date "2010.02.13"]
[Round "2"]
[White "vollmerj"]
[Black "yemisco1"]
[Result "1-0"]
[WhiteElo "1724"]
[BlackElo "1400"]
[Opening "Sicilian defense"]
[ECO "B27"]
[Time "08:00:18"]
[TimeControl "2700+45"]

1. e4 c5 2. Nf3 h6 3. d4 e6 4. d5 exd5 5. Qxd5 Nf6 6. Qc4 Qe7 7. Nc3 a6 8. e5 b5
9. Qe2 Ng4 10. h3 Nxe5 11. Qxe5 Qxe5+ 12. Nxe5 Bb7 13. Be3 d6 14. Nf3 Bxf3 15.
gxf3 Be7 16. Nd5 Ra7 17. b4 Nc6 18. a4 Nxb4 19. Nxb4 cxb4 20. Bxa7 O-O 21. axb5
Bf6 22. Rxa6 Bc3+ 23. Kd1 Re8 24. Be2 d5 25. b6 Bd4 26. b7 Bxa7 27. Rxa7 Rxe2
28. Kxe2 g5 29. b8=Q+ Kg7 30. Qc7 Kf6 31. Qxf7+ Ke5 32. Ra5 Kd4 33. Qxd5+ Kc3
34. Qd3+ Kb2 35. Qb3# {Black checkmated} 1-0

[Event "Team 45 45 League T44"]
[Site "Internet Chess Club"]
[Date "2010.02.16"]
[Round "2"]
[White "FractalDante"]
[Black "crankn8tr"]
[Result "1-0"]
[WhiteElo "1415"]
[BlackElo "1447"]
[Opening "Sicilian: Alapin's variation (2.c3)"]
[ECO "B22"]
[Time "00:33:09"]
[TimeControl "2700+45"]

1. e4 c5 2. c3 Nc6 3. d4 cxd4 4. cxd4 g6 5. Nf3 Bg7 6. Nc3 d6 7. Bc4 Bg4 8.
Bxf7+ Kxf7 9. Ng5+ Ke8 10. Qxg4 Nxd4 11. O-O Nf6 12. Qd1 Qd7 13. Qxd4 {Black
resigns} 1-0

[Event "Team 45 45 League T44"]
[Site "Internet Chess Club"]
[Date "2010.02.12"]
[Round "2"]
[White "LucaTrapani"]
[Black "Magagna"]
[Result "1-0"]
[WhiteElo "2016"]
[BlackElo "1848"]
[Opening "Catalan opening"]
[ECO "E00"]
[Time "19:24:34"]
[TimeControl "2700+45"]

1. d4 Nf6 2. c4 e6 3. g3 d5 4. Nf3 c6 5. Bg2 Be7 6. O-O Nbd7 7. b3 O-O 8. Bb2
Ne4 9. Ne5 f5 10. Ba3 Nxe5 11. Bxe7 Qxe7 12. dxe5 g5 13. Qc2 Qg7 14. f3 Nxg3 15.
hxg3 Qxe5 16. Kf2 dxc4 17. bxc4 f4 18. gxf4 gxf4 19. Qc3 Qg5 20. Rg1 Kf7 21. Nd2
Rg8 22. Ne4 Qh4+ 23. Kf1 e5 24. Rh1 Qe7 25. Rd1 Bf5 26. Nd6+ Kf6 27. Nxf5 Kxf5
28. Qd3+ Ke6 29. Bh3+ Kf7 30. Qf5+ {Black resigns} 1-0

[Event "Team 45 45 League T44"]
[Site "Internet Chess Club"]
[Date "2010.02.15"]
[Round "2"]
[White "MtzKid"]
[Black "Harmonicus"]
[Result "1-0"]
[WhiteElo "1514"]
[BlackElo "1825"]
[Opening "Queen's pawn game"]
[ECO "A45"]
[Time "18:02:54"]
[TimeControl "2700+45"]

1. d4 Nf6 2. e3 e6 3. Bd3 c5 4. c3 Nc6 5. f4 b6 6. Nf3 Bb7 7. O-O d6 8. Nbd2 Be7
9. Ng5 h6 10. Nge4 Nd5 11. Qe2 O-O 12. Rf3 f5 13. Ng3 Nf6 14. Rf1 a6 15. Bc4 d5
16. Bd3 c4 17. Bc2 Qc7 18. Nh5 b5 19. Nxf6+ Bxf6 20. Qh5 Kh7 21. Nf3 Qf7 22. Qh3
g6 23. Ng5+ Bxg5 24. fxg5 h5 25. g4 Qe7 26. Qh4 fxg4 27. Qxh5+ Kg8 28. Qxg6+ Qg7
29. Qxe6+ Kh8 30. Rxf8+ Rxf8 31. Qxg4 Ne7 32. Bd2 Qf7 33. Qf4 Kg7 34. Rf1 Ng6
35. Qxf7+ Rxf7 36. Rxf7+ Kxf7 37. Be1 Bc8 38. Kg2 Bg4 39. Kf2 Ne7 40. e4 Ke6 41.
Ke3 a5 42. a4 dxe4 43. Bxe4 bxa4 44. Bc2 Nd5+ 45. Kd2 Nb6 46. Bg3 a3 47. bxa3
Nd5 48. Ba4 Bf5 49. h4 Bg6 50. Be5 Ne7 51. Bb5 Kd5 52. Bg3 Nf5 53. Be1 Ng7 54.
Ba6 Nh5 55. Ke3 Bf7 56. Bb7+ Kd6 57. Be4 {Black resigns} 1-0

[Event "Team 45 45 League T44"]
[Site "Internet Chess Club"]
[Date "2010.02.14"]
[Round "2"]
[White "MisticKnights"]
[Black "idjit"]
[Result "1-0"]
[WhiteElo "1947"]
[BlackElo "1694"]
[Opening "QGD: Tarrasch, Prague variation, Normal position"]
[ECO "D37"]
[Time "19:01:53"]
[TimeControl "2700+45"]

1. c4 e6 2. Nc3 d5 3. d4 Nf6 4. Nf3 Be7 5. cxd5 exd5 6. g3 O-O 7. Bg2 c5 8. O-O
Nc6 9. dxc5 Bxc5 10. Bg5 Be6 11. Rc1 Be7 12. Nd4 Qb6 13. Nxe6 fxe6 14. Na4 Qb4
15. Bh3 Qd6 16. Qb3 Nd4 17. Qe3 e5 18. Nc5 b6 19. Nd3 Nc6 20. Rfd1 d4 21. Qd2
Rae8 22. Qc2 Nb4 23. Qc4+ Nbd5 24. a3 h6 25. Bxf6 Rxf6 26. Nb4 Rd8 27. Bg2
{Black resigns} 1-0

[Event "Team 45 45 League T44"]
[Site "Internet Chess Club"]
[Date "2010.02.11"]
[Round "2"]
[White "mongmong"]
[Black "Frankly"]
[Result "0-1"]
[WhiteElo "1632"]
[BlackElo "1778"]
[Opening "Queen's pawn game"]
[ECO "D04"]
[Time "14:01:10"]
[TimeControl "2700+45"]

1. d4 Nf6 2. Nf3 d5 3. e3 c5 4. c3 Nc6 5. Bd3 cxd4 6. exd4 Bg4 7. h3 Bxf3 8.
Qxf3 e6 9. Bf4 Bd6 10. Bxd6 Qxd6 11. O-O O-O 12. Nd2 e5 13. dxe5 Nxe5 14. Qg3
Rfe8 15. Bb5 Re7 16. Nf3 Nh5 17. Nxe5 {White resigns} 0-1

[Event "Team 45 45 League T44"]
[Site "Internet Chess Club"]
[Date "2010.02.13"]
[Round "2"]
[White "SlimeDog2"]
[Black "koni"]
[Result "0-1"]
[WhiteElo "2143"]
[BlackElo "2036"]
[Opening "Old Indian defense"]
[ECO "A42"]
[Time "14:00:23"]
[TimeControl "2700+45"]

1. d4 d6 2. c4 e5 3. dxe5 dxe5 4. Qxd8+ Kxd8 5. Nc3 c6 6. Nf3 f6 7. Bd2 Be6 8.
e3 Nd7 9. O-O-O Kc7 10. Be2 Nh6 11. e4 Nf7 12. h4 a5 13. Kb1 Nd6 14. b3 Nc5 15.
Be3 Ndxe4 16. Nxe4 Nxe4 17. Kb2 Bc5 18. Bxc5 Nxc5 19. Ne1 Rhd8 20. Nd3 Nxd3+ 21.
Bxd3 h6 22. Rhe1 Rd4 23. g3 Rad8 24. Bc2 Rd2 25. f4 Bf5 26. Rc1 Rg2 27. fxe5
Rdd2 28. exf6 Rxc2+ 29. Rxc2 Rxc2+ 30. Ka3 gxf6 31. Rf1 Bg4 32. Rxf6 h5 33. Rf7+
Kb6 34. Rg7 Rc3 {White resigns} 0-1

[Event "Team 45 45 League T44"]
[Site "Internet Chess Club"]
[Date "2010.02.15"]
[Round "2"]
[White "IceBox"]
[Black "musk6868"]
[Result "0-1"]
[WhiteElo "1729"]
[BlackElo "1865"]
[Opening "Dutch, 2.Bg5 variation"]
[ECO "A80"]
[Time "17:02:30"]
[TimeControl "2700+45"]

1. d4 f5 2. Bg5 d6 3. e4 Nd7 4. exf5 Ngf6 5. Bd3 c6 6. Ne2 Qb6 7. b3 c5 8. c3
Qc6 9. O-O b6 10. f3 Bb7 11. Nd2 O-O-O 12. Ne4 h6 13. Be3 d5 14. Nxf6 exf6 15.
Nf4 Bd6 16. Ne6 Rde8 17. a4 Kb8 18. Bb5 Qc8 19. a5 g6 20. Bf4 Bxf4 21. Nxf4 gxf5
22. axb6 axb6 23. Re1 Qc7 24. Qd2 Qd6 25. Qa2 Rxe1+ 26. Rxe1 Qxf4 27. Bxd7 cxd4
28. cxd4 Qxd4+ 29. Kh1 Qf4 30. Qc2 Bc8 31. Bb5 Qb4 32. Rc1 Qxb5 33. Qc7+ Ka8 34.
Ra1+ Ba6 35. Qd6 Rc8 36. Qa3 Kb7 37. Qe7+ Rc7 38. Qxf6 Qd7 39. Qd4 Qc6 40. h3
Qc5 41. Qa4 Qa5 42. Qd4 Qc5 43. Qa4 Qa5 44. Qd4 Qb5 45. Qe3 Rd7 46. Rd1 Qe2 47.
Qd4 Qe6 48. Ra1 Bb5 49. Qh8 Ba6 50. Qd4 Bb5 51. Qh8 Ba6 52. Qd4 Rc7 53. Qa4 Qe2
54. Qd4 Qd3 55. Qe5 Kb8 56. Qe8+ Ka7 57. Qe5 Qc3 58. Rxa6+ Kxa6 59. Qxd5 f4 60.
Qg8 Qe1+ 61. Kh2 Qg3+ 62. Qxg3 fxg3+ 63. Kxg3 Kb5 64. f4 Kb4 65. Kf3 Kxb3 66. g4
Kc4 67. Ke4 b5 68. g5 hxg5 69. fxg5 b4 70. h4 b3 71. h5 b2 {White resigns} 0-1

[Event "Team 45 45 League T44"]
[Site "Internet Chess Club"]
[Date "2010.02.16"]
[Round "2"]
[White "dinkola"]
[Black "jofar"]
[Result "0-1"]
[WhiteElo "1684"]
[BlackElo "1713"]
[Opening "Budapest defense declined"]
[ECO "A51"]
[Time "15:13:08"]
[TimeControl "2700+45"]

1. d4 Nf6 2. c4 e5 3. d5 Bc5 4. Nc3 d6 5. e4 Ng4 6. Nh3 O-O 7. Be2 Qh4 8. O-O h6
9. Qe1 f5 10. Kh1 f4 11. Bf3 c6 12. a3 a5 13. Na4 Bd4 14. Bd2 cxd5 15. cxd5 Bd7
16. Nc3 Na6 17. Ne2 Bb6 18. Bxa5 Bxa5 19. Qxa5 Nc5 20. Qc3 Nf6 21. Nhg1 Nfxe4
22. Bxe4 Nxe4 23. Qe1 Bb5 24. Nf3 Qf6 25. Rg1 Bc4 26. Nc3 Nxc3 27. Qxc3 Bxd5 28.
Rgd1 Bc6 29. Rac1 Rac8 30. Qb3+ Kh7 31. Rc3 Rfd8 32. Qc2+ Kh8 33. Qe2 Re8 34.
Rdc1 e4 35. Nd2 d5 36. Nb3 d4 37. Rc4 d3 38. Qd2 Qg5 39. Rg1 Bd5 40. Rxc8 Rxc8
41. Nd4 Rc4 {White resigns} 0-1

[Event "Team 45 45 League T44"]
[Site "Internet Chess Club"]
[Date "2010.02.11"]
[Round "2"]
[White "egd01"]
[Black "tightfist"]
[Result "1-0"]
[WhiteElo "1527"]
[BlackElo "1469"]
[Opening "Petrov: classical attack"]
[ECO "C42"]
[Time "17:33:11"]
[TimeControl "2700+45"]

1. e4 e5 2. Nf3 Nf6 3. Nxe5 d6 4. Nf3 Nxe4 5. d4 d5 6. Nc3 Bb4 7. Bd2 Bxc3 8.
bxc3 Nxd2 9. Qxd2 Qe7+ 10. Qe3 Qxe3+ 11. fxe3 Bf5 12. Bd3 Be4 13. O-O f6 14. Ne1
Nd7 15. c4 Nb6 16. cxd5 Bxd3 17. Nxd3 Nxd5 18. c4 Nb6 19. Rab1 O-O-O 20. Rfc1
Rhe8 21. Kf2 Re7 22. Rb3 Rde8 23. Nc5 c6 24. a4 Rc7 25. a5 Nd7 26. Nd3 b6 27. a6
Nb8 28. Nb4 Rce7 29. Rc2 f5 30. g3 g6 31. Kf3 h6 32. Ra3 Kd7 33. Rd2 Re4 34. h3
Ke7 35. Nd3 Kf6 36. Ne5 c5 37. g4 cxd4 38. exd4 Rd8 39. gxf5 Rdxd4 40. Rxd4 Rxd4
41. Rd3 Kxe5 42. Rxd4 Kxd4 43. fxg6 Nc6 44. Kf4 Ne7 45. g7 Kxc4 46. Ke5 b5 47.
Ke6 Ng8 48. Kf7 b4 49. Kxg8 b3 50. Kh7 b2 51. g8=Q+ Kd3 52. Qg6+ Kc3 53. Qb1 Kb3
54. Kxh6 Ka3 55. h4 Kb3 56. Kg5 Ka3 57. h5 {Black resigns} 1-0

[Event "Team 45 45 League T44"]
[Site "Internet Chess Club"]
[Date "2010.02.13"]
[Round "2"]
[White "toolate"]
[Black "GeofDeV"]
[Result "1/2-1/2"]
[WhiteElo "1787"]
[BlackElo "1869"]
[Opening "French: exchange, Svenonius variation"]
[ECO "C01"]
[Time "08:59:55"]
[TimeControl "2700+45"]

1. e4 e6 2. d4 d5 3. exd5 exd5 4. Nc3 Nf6 5. Bg5 Be7 6. Bd3 Be6 7. Nge2 Bg4 8.
f3 Bh5 9. Nf4 Bg6 10. Bxf6 Bxf6 11. Ncxd5 Bxd3 12. Qxd3 Nc6 13. c3 Qd6 14. Qe4+
Kf8 15. O-O g6 16. Nxf6 Qxf6 17. Nd5 Qd6 18. Rfe1 Kg7 19. c4 Rhe8 20. Qd3 Nb4
21. Nxb4 Qxb4 22. Qc3 Qxc3 23. bxc3 f5 24. c5 b6 25. cxb6 axb6 26. Kf2 Kf7 27.
a4 Ra5 28. Rxe8 Kxe8 29. c4 c6 30. f4 b5 31. Re1+ Kd7 32. axb5 cxb5 33. cxb5
Rxb5 34. Re2 Rb3 35. Rd2 Kd6 36. h3 Kd5 37. Ke2 h6 38. Rd3 Rb2+ 39. Kf3 g5 40.
fxg5 hxg5 41. Kg3 Rb4 42. Rf3 Ke4 43. h4 gxh4+ 44. Kxh4 Rxd4 45. Kg5 Rd8 46.
Rf4+ Ke3 47. Rf3+ {Game drawn by mutual agreement} 1/2-1/2

[Event "Team 45 45 League T44"]
[Site "Internet Chess Club"]
[Date "2010.02.16"]
[Round "2"]
[White "jefferyx"]
[Black "MidasMulligan"]
[Result "1-0"]
[WhiteElo "2117"]
[BlackElo "1684"]
[Opening "Sicilian: Richter-Rauzer, Rauzer attack, 7...a6 defense, 8...Bd7"]
[ECO "B67"]
[Time "17:00:06"]
[TimeControl "2700+45"]

1. e4 c5 2. Nf3 d6 3. d4 cxd4 4. Nxd4 Nf6 5. Nc3 Nc6 6. Bg5 e6 7. Qd2 a6 8.
O-O-O Bd7 9. f4 b5 10. Re1 Be7 11. e5 dxe5 12. fxe5 b4 13. exf6 bxc3 14. Qxc3
Bxf6 15. Bxf6 Qxf6 16. Rd1 Nxd4 17. Rxd4 a5 18. Be2 Qg5+ 19. Kb1 Rc8 20. Qd3 Qe7
21. Rd1 Bc6 22. Qa6 O-O 23. Qxa5 Ra8 24. Qc3 Bd5 25. Bc4 Rfc8 26. Qd3 Bc6 27.
Rd6 Bd5 28. Bxd5 Qxd6 29. Bxa8 Qxd3 30. Rxd3 Rxa8 31. c4 e5 32. c5 e4 33. Rd5
Re8 34. Kc2 e3 35. Kd1 g6 36. g4 Kg7 37. g5 f5 38. gxf6+ Kxf6 39. Ke2 Ke6 40.
Rd3 Rb8 41. b3 Rb5 42. Rxe3+ Kd5 43. Rc3 h5 44. c6 Rc5 45. Rxc5+ {Black resigns}
1-0

[Event "Team 45 45 League T44"]
[Site "Internet Chess Club"]
[Date "2010.02.13"]
[Round "2"]
[White "Portola"]
[Black "OOB1"]
[Result "1/2-1/2"]
[WhiteElo "1795"]
[BlackElo "1570"]
[Opening "Sicilian defense"]
[ECO "B30"]
[Time "21:22:05"]
[TimeControl "2700+45"]

1. e4 c5 2. Nf3 Nc6 3. Nc3 e6 4. Be2 Nf6 5. d3 Be7 6. O-O O-O 7. h3 d6 8. Bf4 e5
9. Bh2 h6 10. a3 b6 11. Re1 Nd4 12. Qd2 Be6 13. Rad1 Nh7 14. Nd5 Nxf3+ 15. Bxf3
Bg5 16. Qe2 Rc8 17. Ne3 Be7 18. Nf5 Bf6 19. c4 Qd7 20. Ne3 Rcd8 21. b3 b5 22.
Rb1 Rb8 23. Red1 a5 24. Bg3 Bg5 25. Nd5 Qd8 26. a4 bxa4 27. bxa4 Rxb1 28. Rxb1
Bxd5 29. cxd5 Qd7 30. Rb5 Ra8 31. Qb2 Be7 32. Bg4 Qe8 33. Rb7 Nf6 34. Bf3 Bf8
35. Qb3 g6 36. Rb5 Kg7 37. Rb7 h5 38. Bh4 Nd7 39. g4 hxg4 40. Bxg4 Nf6 41. Bxf6+
Kxf6 42. Qd1 Rb8 43. Qf3+ Kg7 44. Ra7 Ra8 45. Rb7 Rb8 46. Bd7 Qd8 47. Rxb8 Qxb8
48. Bb5 Qc7 49. Qg4 Be7 50. h4 Kh6 51. Kg2 Qd8 52. Kh3 Bf6 53. f4 exf4 54. Qxf4+
Kg7 55. Qg4 Kh6 56. Qf4+ Kg7 57. h5 Qc8+ 58. Qg4 Qxg4+ 59. Kxg4 gxh5+ 60. Kxh5
Be5 61. Kg5 f6+ 62. Kg4 Kh6 63. Bc4 Bd4 64. Bb5 {Game drawn by mutual agreement}
1/2-1/2

[Event "Team 45 45 League T44"]
[Site "Internet Chess Club"]
[Date "2010.02.13"]
[Round "2"]
[White "kidcobra"]
[Black "BraafPaard"]
[Result "0-1"]
[WhiteElo "1656"]
[BlackElo "1594"]
[Opening "Scandinavian defense"]
[ECO "B01"]
[Time "10:05:23"]
[TimeControl "2700+45"]

1. e4 d5 2. exd5 Nf6 3. Nc3 Nxd5 4. Nxd5 Qxd5 5. Nf3 Bf5 6. Be2 Nc6 7. O-O e5 8.
d3 Bc5 9. Bg5 h6 10. Bh4 g5 11. Bg3 O-O-O 12. Re1 f6 13. Nd2 Nd4 14. Bh5 Rhg8
15. h3 Bg6 16. a3 Bxh5 17. Qxh5 Nf5 18. Qg4 Qe6 19. Nc4 h5 20. Qf3 g4 21. hxg4
hxg4 22. Qd1 Nxg3 23. Ne3 Bxe3 24. Rxe3 Nf5 25. Re1 Qb6 26. Qe2 g3 27. Qd2 gxf2+
28. Qxf2 Qxf2+ 29. Kxf2 Nd4 30. Rac1 Rg7 31. Rh1 Rdg8 32. Rh2 Kd7 33. c3 Nb3 34.
Rg1 Nc5 35. Rd1 Na4 36. Rb1 Nc5 37. Rd1 Ke6 38. b4 Nd7 39. Re1 Kd5 40. Re4 c5
41. c4+ Kc6 42. b5+ Kb6 43. Re2 a6 44. a4 Ka5 45. bxa6 bxa6 46. Ra2 Nb6 47. Kf3
Nxa4 48. Rh1 Rg3+ 49. Ke4 Rxg2 50. Ra3 Rb2 51. Rha1 Rb4 52. Kf5 Rf8 53. Ke6 e4
54. dxe4 Rxc4 55. Kd5 Rb4 56. R1a2 Rd8+ 57. Ke6 Rxe4+ 58. Kf5 Rdd4 59. Ra1 Rf4+
60. Ke6 Kb5 61. Rb1+ Rb4 62. Rba1 c4 63. R3a2 c3 64. Rc1 Rb2 65. Ra3 c2 66. Raa1
Rfb4 67. Kd5 Rb1 68. Rxc2 Rxa1 69. Rf2 Nc3+ 70. Ke6 Ne4 71. Rf5+ Kc6 72. Rf3 a5
73. Re3 a4 74. Kf5 a3 75. Kg6 a2 76. Ra3 Rb2 77. Kf5 Rf1+ 78. Kxe4 a1=Q 79. Rxa1
Rxa1 80. Kd3 Ra4 81. Kc3 Rh2 82. Kd3 Rh3+ 83. Kc2 Raa3 84. Kb2 Rag3 85. Kc1 Rh2
86. Kd1 Rg1# {White checkmated} 0-1

[Event "Team 45 45 League T44"]
[Site "Internet Chess Club"]
[Date "2010.02.12"]
[Round "2"]
[White "natethegreat"]
[Black "Marichan"]
[Result "0-1"]
[WhiteElo "1931"]
[BlackElo "1977"]
[Opening "Pirc defense"]
[ECO "B07"]
[Time "17:07:38"]
[TimeControl "2700+45"]

1. e4 d6 2. d4 Nf6 3. Bd3 g6 4. Ne2 Bg7 5. O-O O-O 6. c3 Nc6 7. h3 e5 8. d5 Ne7
9. f4 exf4 10. Bxf4 Nd7 11. Nd2 Nc5 12. Bc2 f5 13. exf5 Bxf5 14. b4 Nd3 15. Bg5
Ne5 16. Bxf5 Rxf5 17. Rxf5 gxf5 18. Nd4 N5g6 19. Nxf5 Bxc3 20. Ne4 Bxa1 21. Nh6+
Kf8 22. Qf3+ Ke8 23. Qf7+ Kd7 24. Qe6+ Ke8 25. Ng8 Qc8 26. Ngf6+ Bxf6 27. Nxf6+
Kd8 28. Qf7 c6 29. Ng8 Qd7 30. Nf6 Qf5 31. Qe8+ Kc7 32. Qxa8 Qxg5 33. Ne8+ Kd7
34. Nxd6 Qc1+ 35. Kf2 Qf4+ 36. Ke2 Qe5+ 37. Kf1 Qxd6 {White resigns} 0-1

[Event "Team 45 45 League T44"]
[Site "Internet Chess Club"]
[Date "2010.02.12"]
[Round "2"]
[White "guttata"]
[Black "avila"]
[Result "1-0"]
[WhiteElo "2042"]
[BlackElo "1730"]
[Opening "QGD semi-Slav: Stoltz variation"]
[ECO "D45"]
[Time "15:00:34"]
[TimeControl "2700+45"]

1. d4 d5 2. c4 c6 3. Nf3 Nf6 4. Nc3 e6 5. e3 Nbd7 6. Qc2 Bd6 7. g4 Nxg4 8. Rg1
Nxh2 9. Nxh2 Bxh2 10. Rxg7 Qh4 11. Bd2 Kf8 12. Rg2 Rg8 13. O-O-O Rxg2 14. Bxg2
Qxf2 15. Nxd5 exd5 16. Bb4+ c5 17. Qxf2 cxb4 18. Bxd5 {Black resigns} 1-0

[Event "Team 45 45 League T44"]
[Site "Internet Chess Club"]
[Date "2010.02.17"]
[Round "2"]
[White "vkpanch"]
[Black "Nathan826"]
[Result "1-0"]
[WhiteElo "1701"]
[BlackElo "1685"]
[Opening "Sicilian: accelerated fianchetto, modern variation"]
[ECO "B34"]
[Time "22:30:17"]
[TimeControl "2700+45"]

1. e4 c5 2. Nf3 Nc6 3. d4 cxd4 4. Nxd4 g6 5. Nc3 Bg7 6. Be3 Nf6 7. Be2 O-O 8.
Qd2 d6 9. f3 Nxd4 10. Bxd4 Nd7 11. O-O-O Bxd4 12. Qxd4 Qb6 13. Nd5 Qd8 14. h4
Ne5 15. f4 Ng4 16. h5 e5 17. Qg1 Kg7 18. Kb1 Be6 19. Rd3 Bxd5 20. exd5 Nf6 21.
Qh2 e4 22. Rh3 Rh8 23. f5 Nxd5 24. hxg6 hxg6 25. Rh7+ Rxh7 26. Qxh7+ Kf8 27.
fxg6 fxg6 28. Bc4 Qc7 29. Rf1+ Ke8 30. Bb5+ Kd8 31. Rf8# {Black checkmated} 1-0

[Event "Team 45 45 League T44"]
[Site "Internet Chess Club"]
[Date "2010.02.12"]
[Round "2"]
[White "DAISYAGERS"]
[Black "OxidisedLizard"]
[Result "1-0"]
[WhiteElo "1870"]
[BlackElo "1775"]
[Opening "Ruy Lopez: Archangelsk (counterthrust) variation"]
[ECO "C78"]
[Time "07:02:50"]
[TimeControl "2700+45"]

1. e4 e5 2. Nf3 Nc6 3. Bb5 a6 4. Ba4 Nf6 5. O-O b5 6. Bb3 Bb7 7. d4 Nxe4 8. dxe5
Nc5 9. Bd5 Be7 10. Nc3 O-O 11. Re1 Kh8 12. Ne4 Ne6 13. c3 Rb8 14. Ng3 Ng5 15.
Nf5 Nxf3+ 16. Qxf3 Bg5 17. Bxc6 Bxc1 18. Bxb7 Bxb2 19. Rab1 Bxc3 20. Qxc3 Rxb7
21. e6 Qg5 22. e7 Re8 23. Nd6 cxd6 24. Qc8 Rb8 25. Qxb8 {Black resigns} 1-0